 Dungeon Crawl Stone Soup version 0.29.1-15-g9cfb28693d (webtiles) character file.

Game seed: 10689978688171961758

121 javelincjr the Trooper (level 4, -3/36 HPs)
             Began as a Demonspawn Abyssal Knight on Mar 24, 2023.
             Was a Priest of Lugonu.
             Slain by a gnoll bouda
             ... wielding a +0 club
              (10 damage)
             ... on level 4 of the Dungeon on Mar 25, 2023.
             The game lasted 00:05:21 (2481 turns).

javelincjr the Trooper (Demonspawn Abyssal Knight)  Turns: 2481, Time: 00:05:21

Health: -3/36      AC:  3    Str: 13    XL:     4   Next: 77%
Magic:  6/6        EV: 12    Int: 13    God:    Lugonu [***...]
Gold:   79         SH:  0    Dex: 14    Spells: 2/3 levels left

rFire   . . .      SeeInvis .   a - +1 hand axe
rCold   . . .      Faith    .   (no shield)
rNeg    . . .      Spirit   .   b - +0 leather armour
rPois   .          Reflect  .   (no helmet)
rElec   .          Harm     .   (no cloak)
rCorr   .          Rampage  .   (no gloves)
Will    .....                   (no boots)
Stlth   +.........              (no amulet)
HPRegen 0.12/turn               (no ring)
MPRegen 0.10/turn               (no ring)

@: confused, weakened
A: powered by pain 1, spiny 1
a: Renounce Religion, Depart the Abyss, Bend Space, Banish


You were on level 4 of the Dungeon.
You worshipped Lugonu.
Lugonu was most pleased with you.
You visited 1 branch of the dungeon, and saw 4 of its levels.
You visited the Abyss 1 time.

You collected 79 gold pieces.

Inventory:

Hand Weapons
 a - a +1 hand axe (weapon)
Missiles
 l - 2 javelins
Armour
 b - a +0 leather armour (worn)
Jewellery
 c - an amulet of regeneration
Scrolls
 d - a scroll of silence {unknown}
 e - a scroll of fog {unknown}
 f - a scroll of vulnerability {unknown}
 g - 2 scrolls of noise {unknown}
 h - a scroll of teleportation {unknown}
 i - a scroll of identify {unknown}
 j - a scroll of poison {unknown}
Potions
 k - a potion of haste


   Skills:
 + Level 3.6 Fighting
 + Level 2.5 Axes
 + Level 2.5 Armour
 + Level 1.9 Dodging
 + Level 3.6 Invocations


You had 2 spell levels left.
You knew the following spells:

 Your Spells              Type           Power      Damage    Failure   Level
a - Sandblast             Erth           0%         2d4       36%         1

Your spell library contained the following spells:

 Spells                   Type           Power      Damage    Failure   Level
 Passwall                 Tmut/Erth      0%         N/A       52%         2
 Searing Ray              Conj           0%         2d4       52%         2
 Conjure Ball Lightning   Conj/Air       0%         3x3d6     100%        6
 Chain Lightning          Conj/Air       0%         N/A       100%        9


Dungeon Overview and Level Annotations

Branches:
Dungeon (4/15)
 Temple: D:4-7

Altars:


Innate Abilities, Weirdness & Mutations

You sometimes gain a little power by taking damage.
You are partially covered in sharp spines.


Message History

You feel sick.
You are no longer poisoned.
A kobold comes into view. It is wielding a +0 dagger.
The gnoll bouda closely misses you.
The orc wizard casts a spell.
The orc wizard flickers and vanishes!
Deactivating autopickup; reactivate with Ctrl-A.
The gnoll bouda misses you.
The kobold shouts!
You hit the gnoll bouda.
The gnoll bouda is moderately wounded.
The gnoll bouda gazes fiercely through you!
You feel your attacks grow feeble.
The gnoll bouda hits you with a +0 club!
You barely miss the gnoll bouda.
The gnoll bouda is moderately wounded.
The gnoll bouda gazes fiercely through you!
You feel as though you will be weak longer.
The gnoll bouda completely misses you.
The gnoll bouda attacks as you move away!
The gnoll bouda is struck by your spines.
The gnoll bouda hits you with a +0 club!
* * * LOW HITPOINT WARNING * * *
The orc is struck by your spines.
The orc hits you with a +1 hand axe of flaming.
* * * LOW HITPOINT WARNING * * *
The orc burns you.
* * * LOW HITPOINT WARNING * * *
The orc attacks as you move away! The orc is struck by your spines.
The orc misses you.
The gnoll bouda attacks as you move away!
The gnoll bouda closely misses you.
The gnoll bouda gazes fiercely through you!
You feel as though you will be weak longer.
You hear some strange, mumbled words.
You are confused.
There is a stone staircase leading up here.
The gnoll is no longer moving quickly.
The gnoll bouda hits you with a +0 club!
You die...

... #.# #.. ##
#)# #..# .#.g
##g##.....
....##.o....###
.##.g..o##....#
............#.#
.#.....g......#
....##.@##.....
.### #.## #####
... #..## #.#
... ..# ##


You could see a gnoll bouda, 3 gnolls and 2 orcs.

Vanquished Creatures
  An orc priest (D:3)
  Terence (D:3)
  An adder (D:2)
  9 orcs
  7 ball pythons
  An endoplasm (D:2)
  2 giant cockroaches
  A goblin (D:2)
  3 hobgoblins
  3 jackals (D:2)
  5 kobolds
  3 quokkas
  3 bats
  4 frilled lizards
  4 rats
48 creatures vanquished.

Vanquished Creatures (others)
  3 fungi (D:4)
  5 plants (D:2)
8 creatures vanquished.

Grand Total: 56 creatures vanquished

Notes
Turn   | Place    | Note
-------+----------+-------------------------------------------
     0 | Abyss:1  | javelincjr the Demonspawn Abyssal Knight began the quest
                  | for the Orb.
     0 | Abyss:1  | Reached XP level 1. HP: 18/18 MP: 2/2
    41 | Abyss:2  | Noticed a large abomination
    74 | D:1      | Escaped the Abyss
   316 | D:1      | You fall into a shaft and drop 1 floor!
   356 | D:2      | Reached skill level 1 in Dodging
   449 | D:2      | Gained mutation: You are partially covered in sharp spines.
                  | [demonic ancestry]
   449 | D:2      | Reached XP level 2. HP: 24/24 MP: 4/4
   719 | D:2      | Gained mutation: You sometimes gain a little power by
                  | taking damage. [demonic ancestry]
   719 | D:2      | Reached XP level 3. HP: 26/29 MP: 5/5
   722 | D:2      | Reached *** piety under Lugonu
  1099 | D:2      | Found a faded altar of an unknown god.
  1256 | D:3      | Reached XP level 4. HP: 22/35 MP: 6/6
  1646 | D:3      | Got the Papyrus of Crystalline Attacks
  1649 | D:3      | Learned a level 1 spell: Sandblast
  1853 | D:3      | Noticed Terence
  1860 | D:3      | Killed Terence
  2481 | D:4      | Slain by a gnoll bouda

Illustrated notes

Levels and vault maps discovered:
D:1:      roderic_octagonal_star, layout_loops_ring, minmay_misc_feat_rows
D:2:      layout_rooms, shapermc_ecumenical_altar_mp_vishouse, serial_forest,
          infiniplex_forest_clump_cross, infiniplex_forest_end_3,
          infiniplex_forest_lined_4_way, infiniplex_forest_clump_curved,
          infiniplex_forest_zigzag_2, infiniplex_forest_clump_medium
D:3:      layout_basic, uniq_terence
D:4:      layout_rooms, mainiacjoe_overflow_cross_hatched,
          nemelex_xobeh_ov_fountains_minmay,
          nicolae_uskayaw_murder_on_the_dancefloor, grunt_decor_cap

Skill      XL: |  1  2 |
---------------+-------+-----
Dodging        | 1 |  1.9
Axes           | 2 |  2.5
Armour         | 2 |  2.5
Invocations    | 3 |  3.6
Fighting       | |  3.6

Action                   |  1- 3 |  4- 6 || total
-------------------------+-------+-------++-------
Melee: Hand axe          |    70 |    41 ||   111
 Cast: Sandblast         |       |     4 ||     4
Armor: Leather armour    |    12 |     5 ||    17
Dodge: Dodged            |    30 |    29 ||    59
